Reign vs Griffins
Created - June 3, 2022 at 23:23
Goals
|
| Reign |
1 |
1 |
4 |
6 |
| Griffins |
2 |
0 |
1 |
3 |
|
Shots
|
| Reign |
9 |
4 |
15 |
28 |
| Griffins |
15 |
9 |
6 |
30 |
|
1st period
1. Griffins , Dmitri Orlov 9 (Riley Armstrong 61, Lucas Lessio 44) at 16:28 (PP)
2. Griffins , Riley Armstrong 39 (Danny Kristo 36) at 17:13
3. Reign , Thomas Chabot 14 (A.J. Jenks 19, Vince Hinostroza 44) at 19:19 (PP)
Penalties :
Josh Anderson (Ont) for Holding (Minor) at 1:02, Phil Oreskovic (Gra) for Tripping (Minor) at 5:30, Matthew Tkachuk (Ont) for Hooking (Minor) at 7:38, Nikita Tryamkin (Ont) for Cross-checking (Minor) at 15:26, Dmitri Orlov (Gra) for Slashing (Minor) at 18:48
2nd period
4. Reign , Brendan Gaunce 41 (Tyler Pitlick 42, Trevor Moore 11) at 18:34
Penalties :
Dmitri Orlov (Gra) for Slashing (Minor) at 5:09, Logan Stanley (Ont) for Tripping (Minor) at 9:01, A.J. Jenks (Ont) for Interference (Minor) at 14:54, Danny Kristo (Gra) for Hooking (Minor) at 14:59
3rd period
5. Reign , Matthew Tkachuk 22 (Thomas Chabot 46, Christian Dvorak 18) at 1:31
6. Reign , Timo Meier 27 (Tyler Pitlick 43, Jordan Schmaltz 23) at 3:44
7. Reign , Timo Meier 28 (Brendan Gaunce 66) at 5:07 (PP)
8. Griffins , Danny Kristo 38 (Patrick Wiercioch 14) at 7:13
9. Reign , Jordan Schmaltz 5 (Brendan Gaunce 67, Tyler Pitlick 44) at 10:49 (PP)
Penalties :
Greg McKegg (Gra) for Tripping (Minor) at 5:05, Riley Armstrong (Gra) for Tripping (Minor) at 10:39, Tyler Pitlick (Ont) for Holding (Minor) at 13:57
Goalie Stats
Jean-Francois Berube (Ont), 27 saves from 30 shots - (0.900), W, 14-11-2, 60:00 minutes
Marcus Hogberg (Gra), 8 saves from 10 shots - (0.800), 16:16 minutes
Olivier Roy (Gra), 14 saves from 18 shots - (0.778), L, 24-21-4, 43:44 minutes
Players Stats for Reign
Player Name G A P +/- PIM S H SB GA TA FO MP PP MP PK MP
------------------------------------------------------------------------------------
A.J. Jenks 0 1 1 -1 2 0 2 1 0 0 1/1 17:15 2:02 3:42
Brendan Gaunce 1 2 3 2 0 5 1 1 0 0 24/41 23:02 2:45 4:36
Brendan Guhle 0 0 0 0 0 1 0 3 0 0 0/0 11:17 0:36 0:00
Christian Dvorak 0 1 1 0 0 1 2 0 0 0 1/2 10:50 0:00 0:51
Dylan Blujus 0 0 0 0 0 1 2 4 0 0 0/0 20:24 1:52 3:50
Jack Dougherty 0 0 0 0 0 0 0 1 0 0 0/0 11:58 0:36 0:41
Jacob Josefson 0 0 0 -1 0 2 1 0 0 0 3/10 17:57 2:01 3:43
Jakob Chychrun 0 0 0 0 0 0 0 1 0 1 0/0 2:23 0:00 0:00
Joachim Blichfeld 0 0 0 0 0 5 0 0 0 0 0/0 8:40 0:00 0:00
Joel Eriksson Ek 0 0 0 0 0 0 1 1 1 0 2/2 10:01 0:00 0:38
Jordan Schmaltz 1 1 2 1 0 1 2 0 0 0 0/0 25:56 2:18 5:13
Josh Anderson 0 0 0 0 2 0 4 0 0 0 0/0 9:01 0:00 0:00
Logan Stanley 0 0 0 0 2 0 0 0 0 0 0/0 2:28 0:00 0:00
Matthew Tkachuk 1 0 1 0 2 3 2 0 1 1 0/0 9:39 0:06 0:00
Nikita Tryamkin 0 0 0 1 2 0 2 1 0 1 0/0 25:14 2:18 4:32
Thomas Chabot 1 1 2 0 0 3 1 0 0 1 0/0 20:24 1:52 3:50
Timo Meier 2 0 2 2 0 4 1 1 0 1 0/1 22:50 2:39 4:36
Trevor Moore 0 1 1 0 0 1 0 0 0 0 0/4 8:40 0:00 0:00
Tyler Pitlick 0 3 3 2 2 1 0 0 0 0 1/1 17:26 2:44 0:00
Vince Hinostroza 0 1 1 -1 0 0 0 0 0 1 0/0 13:32 2:01 0:00
Players Stats for Griffins
Player Name G A P +/- PIM S H SB GA TA FO MP PP MP PK MP
------------------------------------------------------------------------------------
Brendan Woods 0 0 0 -1 0 0 2 1 0 0 1/1 12:52 0:00 2:44
Danny Kristo 1 1 2 1 2 6 1 0 0 0 2/2 21:59 5:19 1:14
Dmitri Orlov 1 0 1 0 4 1 3 0 1 0 0/0 25:33 5:50 1:28
Filip Hronek 0 0 0 0 0 0 0 2 0 0 0/0 14:01 0:00 2:15
Garrett Wilson 0 0 0 -1 0 0 0 0 0 0 0/0 7:27 0:00 0:00
Greg McKegg 0 0 0 -1 2 0 0 1 0 0 1/1 7:34 0:00 0:08
Ian McCoshen 0 0 0 0 0 0 0 2 0 0 0/0 12:21 0:00 0:21
Jesse Joensuu 0 0 0 0 0 4 2 0 0 0 2/5 15:53 2:43 2:29
Lucas Lessio 0 1 1 1 0 3 1 0 0 0 2/5 21:20 5:20 0:33
Marcus Pettersson 0 0 0 0 0 2 1 2 0 0 0/0 26:52 5:50 2:54
Martin Frk 0 0 0 0 0 3 1 0 0 0 0/0 16:08 3:13 0:00
Mathew Barzal 0 0 0 -1 0 3 2 0 0 0 2/5 13:09 3:43 0:00
Patrick Wiercioch 0 1 1 -1 0 1 1 0 1 0 0/0 17:38 0:00 1:52
Phil Oreskovic 0 0 0 -1 2 2 0 1 1 1 0/0 19:48 3:13 0:42
Riley Armstrong 1 1 2 1 2 2 5 0 1 0 15/30 22:14 5:05 1:16
Sonny Milano 0 0 0 -1 0 1 0 0 1 0 0/1 13:19 3:43 0:02
Troy Terry 0 0 0 -1 0 2 1 0 0 0 0/0 11:01 0:55 0:00
Vladislav Namestnikov 0 0 0 0 0 0 1 0 1 1 5/12 14:05 0:20 1:06
3 Stars
1 - Brendan Gaunce (Ont)
2 - Timo Meier (Ont)
3 - Jordan Schmaltz (Ont)
Power Play
Reign - 3 on 6 Attempt(s) - 50.00%
Griffins - 1 on 6 Attempt(s) - 16.67%
Penalty Kill
Reign - 5 on 6 Attempt(s) - 83.33%
- Score 0 goal in Penalty Kill
Griffins - 3 on 6 Attempt(s) - 50.00%
- Score 0 goal in Penalty Kill
Team Stat
Reign - Hits : 21 - Faceoff Wins : 32 - Blocked Shots : 14 - Penalty Minutes : 12
Griffins - Hits : 21 - Faceoff Wins : 30 - Blocked Shots : 9 - Penalty Minutes : 12
Official
Referees : Francis Charron and Kelly Sutherland
Linesman : Steve Miller and Matt MacPherson
Game Notes
Marcus Hogberg enters game at 3:44 of 3rd period
Jesse Joensuu is injured at 10:41 of 3rd period (Right Knee)
Finance
Level 1 -- Attendance: 1895 (94.75%) -- Ticket Income $66,325
Level 2 -- Attendance: 1000 (100.00%) -- Ticket Income $15,000
Total Attendance: 2895 (96.50%)
Total Ticket Income: $81,325
Other Income: $4,066
Total Income: $85,391
Reign
5 vs 5 Forward
Center Left Wing Right Wing Time % Phy DF OF
1 Brendan Gaunce Timo Meier Tyler Pitlick 35 1 2 2
2 Jacob Josefson A.J. Jenks Vince Hinostroza 25 1 2 2
3 Joel Eriksson Ek Christian Dvorak Matthew Tkachuk 20 1 2 2
4 Trevor Moore Joachim Blichfeld Josh Anderson 20 1 2 2
5 vs 5 Defense
Defense Defense Time % Phy DF OF
1 Jordan Schmaltz Nikita Tryamkin 35 1 3 1
2 Dylan Blujus Thomas Chabot 30 1 2 2
3 Brendan Guhle Jack Dougherty 25 1 2 2
4 Jakob Chychrun Logan Stanley 10 1 2 2
PowerPlay Forward
Center Left Wing Right Wing Time % Phy DF OF
1 Brendan Gaunce Timo Meier Tyler Pitlick 60 1 2 2
2 Jacob Josefson A.J. Jenks Vince Hinostroza 40 1 2 2
PowerPlay Defense
Defense Defense Time % Phy DF OF
1 Jordan Schmaltz Nikita Tryamkin 60 1 2 2
2 Dylan Blujus Thomas Chabot 40 1 2 2
Penalty Kill 4 Players Forward
Center Wing Time % Phy DF OF
1 Brendan Gaunce Timo Meier 60 1 2 2
2 Jacob Josefson A.J. Jenks 40 1 2 2
Penalty Kill 4 Players Defense
Defense Defense Time % Phy DF OF
1 Jordan Schmaltz Nikita Tryamkin 60 1 2 2
2 Dylan Blujus Thomas Chabot 40 1 2 2
Penalty Kill - 3 Players Forward
Forward Time % Phy DF OF
1 Brendan Gaunce 60 2 3 0
2 Jacob Josefson 40 2 3 0
Penalty Kill - 3 Players Defense
Defense Defense Time % Phy DF OF
1 Jordan Schmaltz Nikita Tryamkin 60 3 2 0
2 Dylan Blujus Thomas Chabot 40 3 2 0
4 vs 4 Forward
Center Wing Time % Phy DF OF
1 Brendan Gaunce Timo Meier 60 1 2 2
2 Jacob Josefson A.J. Jenks 40 1 2 2
4 vs 4 Defense
Defense Defense Time % Phy DF OF
1 Jordan Schmaltz Nikita Tryamkin 60 1 2 2
2 Dylan Blujus Thomas Chabot 40 1 2 2
Last Minutes Offensive
Center Left Wing Right Wing Defense Defense
Brendan Gaunce Timo Meier Tyler Pitlick Jordan Schmaltz Nikita Tryamkin
Last Minutes Defensive
Center Left Wing Right Wing Defense Defense
Brendan Gaunce Timo Meier Tyler Pitlick Jordan Schmaltz Nikita Tryamkin
Goaltenders
Starting : Jean-Francois Berube
Backup : Ilya Samsonov
Extra Forwards
Normal : A.J. Jenks, Matthew Tkachuk, Christian Dvorak - PP : A.J. Jenks, Matthew Tkachuk - PK : A.J. Jenks
Extra Defensemen
Normal : Jack Dougherty, Jakob Chychrun, Logan Stanley - PP : Jack Dougherty - PK : Jack Dougherty, Jakob Chychrun
Penalty Shots
Tyler Pitlick, Timo Meier, Vince Hinostroza, Brendan Gaunce, A.J. Jenks
Scratches
Adam Ollas-Mattsson (Healthy), Blake Lizotte (Healthy), Bokondji Imama (Healthy), Jack Roslovic (Broken Bone (Right Ankle) Injury), Joel Vermin (Healthy)
Nikita Gusev (Healthy), Shane Prince (Healthy), Blake Hillman (Healthy), Michael Pezzetta (Healthy), Austin Czarnik (Healthy)
Cal Petersen (Healthy), Jordan Binnington (Healthy)
Griffins
5 vs 5 Forward
Center Left Wing Right Wing Time % Phy DF OF
1 Riley Armstrong Lucas Lessio Danny Kristo 40 1 2 2
2 Vladislav Namestnikov Jesse Joensuu Martin Frk 30 1 2 2
3 Mathew Barzal Sonny Milano Brendan Woods 20 1 2 2
4 Greg McKegg Garrett Wilson Troy Terry 10 1 2 2
5 vs 5 Defense
Defense Defense Time % Phy DF OF
1 Dmitri Orlov Marcus Pettersson 40 1 2 2
2 Phil Oreskovic Patrick Wiercioch 30 1 2 2
3 Ian McCoshen Filip Hronek 20 1 2 2
4 Ian McCoshen Filip Hronek 10 1 2 2
PowerPlay Forward
Center Left Wing Right Wing Time % Phy DF OF
1 Riley Armstrong Lucas Lessio Danny Kristo 60 1 2 2
2 Mathew Barzal Sonny Milano Jesse Joensuu 40 1 2 2
PowerPlay Defense
Defense Defense Time % Phy DF OF
1 Dmitri Orlov Marcus Pettersson 60 1 2 2
2 Phil Oreskovic Martin Frk 40 1 2 2
Penalty Kill 4 Players Forward
Center Wing Time % Phy DF OF
1 Jesse Joensuu Brendan Woods 60 1 2 2
2 Riley Armstrong Danny Kristo 40 1 2 2
Penalty Kill 4 Players Defense
Defense Defense Time % Phy DF OF
1 Dmitri Orlov Marcus Pettersson 60 1 2 2
2 Phil Oreskovic Patrick Wiercioch 40 1 2 2
Penalty Kill - 3 Players Forward
Forward Time % Phy DF OF
1 Brendan Woods 60 1 2 2
2 Riley Armstrong 40 1 2 2
Penalty Kill - 3 Players Defense
Defense Defense Time % Phy DF OF
1 Dmitri Orlov Marcus Pettersson 60 1 2 2
2 Phil Oreskovic Patrick Wiercioch 40 1 2 2
4 vs 4 Forward
Center Wing Time % Phy DF OF
1 Riley Armstrong Jesse Joensuu 60 1 2 2
2 Mathew Barzal Lucas Lessio 40 1 2 2
4 vs 4 Defense
Defense Defense Time % Phy DF OF
1 Dmitri Orlov Marcus Pettersson 60 1 2 2
2 Phil Oreskovic Patrick Wiercioch 40 1 2 2
Last Minutes Offensive
Center Left Wing Right Wing Defense Defense
Riley Armstrong Lucas Lessio Danny Kristo Dmitri Orlov Marcus Pettersson
Last Minutes Defensive
Center Left Wing Right Wing Defense Defense
Riley Armstrong Brendan Woods Danny Kristo Phil Oreskovic Patrick Wiercioch
Goaltenders
Starting : Olivier Roy
Backup : Marcus Hogberg
Extra Forwards
Normal : Jesse Joensuu, Troy Terry, Sonny Milano - PP : Troy Terry, Vladislav Namestnikov - PK : Vladislav Namestnikov
Extra Defensemen
Normal : Ian McCoshen, Filip Hronek, Marcus Pettersson - PP : Ian McCoshen - PK : Filip Hronek, Marcus Pettersson
Penalty Shots
Danny Kristo, Riley Armstrong, Jesse Joensuu, Brendan Woods, Lucas Lessio
Scratches
Adam Gaudette (Strained Left Knee Injury), Jack Ramsey (Healthy), Jordan Weal (Healthy), Konrad Abeltshauser (Healthy), Michael Bunting (Healthy)
Nikita Pavlychev (Healthy), Ryan Mantha (Healthy), Ryan Pulock (Bruised Left Shoulder Injury), Tanner Kero (Healthy), Tomas Hyka (Healthy)
Ryan Lindgren (Healthy), Philippe Desrosiers (Healthy), Adam Werner (Healthy)
% Time on Ice - Reign
Lines # - Real PCT - Wanted PCT - Time Play
Normal Forward
1 - 34% - 35% - 15:11
2 - 26% - 25% - 11:31
3 - 20% - 20% - 8:55
4 - 20% - 20% - 8:40
Normal Defense
1 - 39% - 35% - 17:18
2 - 31% - 30% - 13:55
3 - 24% - 25% - 10:41
4 - 5% - 10% - 2:23
PP Forward
1 - 58% - 60% - 2:45
2 - 42% - 40% - 2:01
PP Defense
1 - 61% - 60% - 2:54
2 - 39% - 40% - 1:52
PK Forward
1 - 75% - 60% - 6:49
2 - 25% - 40% - 2:14
PK Defense
1 - 58% - 60% - 5:13
2 - 42% - 40% - 3:50
PK3 Forward
1 - 0% - 60%
2 - 0% - 40%
PK3 Defense
1 - 0% - 60%
2 - 0% - 40%
44 Forward
1 - 80% - 60% - 1:31
2 - 20% - 40% - 0:23
44 Defense
1 - 59% - 60% - 1:07
2 - 41% - 40% - 0:47
Last Minute Offensive - 0:00
Last Minute Defensive - 0:00
Total
Forward - 60:00
Defense - 60:00
|
% Time on Ice - Griffins
Lines # - Real PCT - Wanted PCT - Time Play
Normal Forward
1 - 34% - 40% - 15:11
2 - 29% - 30% - 12:49
3 - 20% - 20% - 8:50
4 - 17% - 10% - 7:27
Normal Defense
1 - 39% - 40% - 17:18
2 - 34% - 30% - 15:13
3 - 19% - 20% - 8:34
4 - 7% - 10% - 3:12
PP Forward
1 - 59% - 60% - 5:20
2 - 41% - 40% - 3:43
PP Defense
1 - 64% - 60% - 5:50
2 - 36% - 40% - 3:13
PK Forward
1 - 74% - 60% - 3:32
2 - 26% - 40% - 1:14
PK Defense
1 - 64% - 60% - 3:03
2 - 36% - 40% - 1:43
PK3 Forward
1 - 0% - 60%
2 - 0% - 40%
PK3 Defense
1 - 0% - 60%
2 - 0% - 40%
44 Forward
1 - 77% - 60% - 1:28
2 - 23% - 40% - 0:26
44 Defense
1 - 56% - 60% - 1:04
2 - 44% - 40% - 0:50
Last Minute Offensive - 0:00
Last Minute Defensive - 0:00
Total
Forward - 60:00
Defense - 60:00
|
Play-by-Play
1st period
0:01 of 1st period - Brendan Gaunce wins face-off versus Riley Armstrong in neutral zone.
0:14 of 1st period - Wrist shot by Brendan Gaunce.
0:14 of 1st period - Deflect By Riley Armstrong.
0:14 of 1st period - Stopped by Olivier Roy with a rebound.
0:16 of 1st period - Snap shot by Brendan Gaunce.
0:16 of 1st period - Shot Misses the Net.
0:26 of 1st period - Dmitri Orlov is hit by Nikita Tryamkin and loses puck.
0:35 of 1st period - Snap shot by Jacob Josefson.
0:35 of 1st period - Stopped by Olivier Roy without a rebound.
0:36 of 1st period - Christian Dvorak wins face-off versus Mathew Barzal in Griffins zone.
1:02 of 1st period - Minor Penalty to Josh Anderson for Holding.
1:03 of 1st period - Lucas Lessio wins face-off versus Brendan Gaunce in Reign zone.
1:14 of 1st period - Snap shot by Riley Armstrong.
1:14 of 1st period - Shot Misses the Net.
1:16 of 1st period - Slapshot by Danny Kristo.
1:16 of 1st period - Stopped by Jean-Francois Berube with a rebound.
1:18 of 1st period - Slapshot by Lucas Lessio.
1:18 of 1st period - Shot Blocked by Brendan Gaunce.
1:32 of 1st period - Jacob Josefson is hit by Jesse Joensuu and loses puck.
3:02 of 1st period - Penalty to Josh Anderson is over, Josh Anderson is back on ice.
3:13 of 1st period - Slapshot by Troy Terry.
3:13 of 1st period - Stopped by Jean-Francois Berube with a rebound.
3:23 of 1st period - Snap shot by Thomas Chabot.
3:23 of 1st period - Stopped by Olivier Roy without a rebound.
3:24 of 1st period - Vladislav Namestnikov wins face-off versus Trevor Moore in Griffins zone.
3:44 of 1st period - Icing by Jesse Joensuu.
3:45 of 1st period - Brendan Gaunce wins face-off versus Vladislav Namestnikov in Griffins zone.
4:10 of 1st period - Snap shot by Lucas Lessio.
4:10 of 1st period - Shot Blocked by Timo Meier.
4:20 of 1st period - Snap shot by Riley Armstrong.
4:20 of 1st period - Shot Misses the Net.
5:30 of 1st period - Minor Penalty to Phil Oreskovic for Tripping.
5:31 of 1st period - Brendan Gaunce wins face-off versus Jesse Joensuu in Griffins zone.
5:31 of 1st period - Snap shot by Timo Meier.
5:31 of 1st period - Stopped by Olivier Roy with a rebound.
5:33 of 1st period - Slapshot by Dylan Blujus.
5:33 of 1st period - Shot Blocked by Marcus Pettersson.
5:35 of 1st period - Wrist shot by Brendan Gaunce.
5:35 of 1st period - Shot Misses the Net.
7:30 of 1st period - Penalty to Phil Oreskovic is over, Phil Oreskovic is back on ice.
7:38 of 1st period - Minor Penalty to Matthew Tkachuk for Hooking.
7:39 of 1st period - Brendan Gaunce wins face-off versus Riley Armstrong in Reign zone.
8:53 of 1st period - Jacob Josefson is hit by Dmitri Orlov.
9:38 of 1st period - Penalty to Matthew Tkachuk is over, Matthew Tkachuk is back on ice.
9:43 of 1st period - Trevor Moore is hit by Jesse Joensuu and loses puck.
9:56 of 1st period - Greg McKegg is hit by Matthew Tkachuk.
10:08 of 1st period - Trevor Moore is hit by Brendan Woods and loses puck.
11:14 of 1st period - Snap shot by Joachim Blichfeld.
11:14 of 1st period - Stopped by Olivier Roy with a rebound.
11:50 of 1st period - Jesse Joensuu is hit by Josh Anderson and loses puck.
12:49 of 1st period - Dmitri Orlov is hit by Jordan Schmaltz and loses puck.
13:58 of 1st period - Wrist shot by Joachim Blichfeld.
13:58 of 1st period - Stopped by Olivier Roy without a rebound.
13:59 of 1st period - A.J. Jenks wins face-off versus Sonny Milano in Griffins zone.
14:26 of 1st period - Timo Meier is hit by Dmitri Orlov and loses puck.
14:31 of 1st period - Snap shot by Jesse Joensuu.
14:31 of 1st period - Stopped by Jean-Francois Berube with a rebound.
14:33 of 1st period - Snap shot by Jesse Joensuu.
14:33 of 1st period - Stopped by Jean-Francois Berube with a rebound.
14:35 of 1st period - Snap shot by Jesse Joensuu.
14:35 of 1st period - Stopped by Jean-Francois Berube with a rebound.
14:37 of 1st period - Slapshot by Patrick Wiercioch.
14:37 of 1st period - Shot Blocked by Dylan Blujus.
15:26 of 1st period - Minor Penalty to Nikita Tryamkin for Cross-checking.
15:27 of 1st period - Brendan Gaunce wins face-off versus Lucas Lessio in Reign zone.
15:36 of 1st period - Off-side.
15:37 of 1st period - Riley Armstrong wins face-off versus Brendan Gaunce in neutral zone.
15:40 of 1st period - Slapshot by Riley Armstrong.
15:40 of 1st period - Shot Blocked by Jack Dougherty.
15:46 of 1st period - Snap shot by Riley Armstrong.
15:46 of 1st period - Shot Misses the Net.
16:20 of 1st period - Wrist shot by Lucas Lessio.
16:20 of 1st period - Shot Blocked by Dylan Blujus.
16:22 of 1st period - Wrist shot by Lucas Lessio.
16:22 of 1st period - Shot Misses the Net.
16:24 of 1st period - Wrist shot by Riley Armstrong.
16:24 of 1st period - Shot Misses the Net.
16:26 of 1st period - Wrist shot by Riley Armstrong.
16:26 of 1st period - Shot Misses the Net.
16:28 of 1st period - Slapshot by Dmitri Orlov.
16:28 of 1st period - Goal by Dmitri Orlov - Reign : 0 - Griffins : 1.
16:29 of 1st period - Vladislav Namestnikov wins face-off versus Timo Meier in neutral zone.
16:38 of 1st period - Snap shot by Martin Frk.
16:38 of 1st period - Deflect By Jesse Joensuu.
16:38 of 1st period - Stopped by Jean-Francois Berube without a rebound.
16:39 of 1st period - Brendan Gaunce wins face-off versus Vladislav Namestnikov in Reign zone.
17:00 of 1st period - Brendan Guhle is hit by Patrick Wiercioch and loses puck.
17:05 of 1st period - Snap shot by Jesse Joensuu.
17:05 of 1st period - Shot Blocked by Brendan Guhle.
17:07 of 1st period - Slapshot by Phil Oreskovic.
17:07 of 1st period - Stopped by Jean-Francois Berube with a rebound.
17:09 of 1st period - Slapshot by Phil Oreskovic.
17:09 of 1st period - Stopped by Jean-Francois Berube without a rebound.
17:10 of 1st period - Riley Armstrong wins face-off versus Jacob Josefson in Reign zone.
17:13 of 1st period - Snap shot by Riley Armstrong.
17:13 of 1st period - Goal by Riley Armstrong - Reign : 0 - Griffins : 2.
17:14 of 1st period - Riley Armstrong wins face-off versus Brendan Gaunce in neutral zone.
17:39 of 1st period - Martin Frk is hit by Thomas Chabot.
18:02 of 1st period - Snap shot by Matthew Tkachuk.
18:02 of 1st period - Stopped by Olivier Roy with a rebound.
18:04 of 1st period - Wrist shot by Matthew Tkachuk.
18:04 of 1st period - Deflect By Christian Dvorak.
18:04 of 1st period - Shot Misses the Net.
18:04 of 1st period - Puck is out of play.
18:05 of 1st period - Riley Armstrong wins face-off versus Christian Dvorak in Griffins zone.
18:12 of 1st period - Snap shot by Riley Armstrong.
18:12 of 1st period - Stopped by Jean-Francois Berube with a rebound.
18:14 of 1st period - Slapshot by Patrick Wiercioch.
18:14 of 1st period - Stopped by Jean-Francois Berube without a rebound.
18:15 of 1st period - Brendan Gaunce wins face-off versus Lucas Lessio in Reign zone.
18:26 of 1st period - Jordan Schmaltz is hit by Riley Armstrong and loses puck.
18:31 of 1st period - Snap shot by Lucas Lessio.
18:31 of 1st period - Stopped by Jean-Francois Berube with a rebound.
18:33 of 1st period - Slapshot by Danny Kristo.
18:33 of 1st period - Deflect By Riley Armstrong.
18:33 of 1st period - Shot Misses the Net.
18:33 of 1st period - Puck is out of play.
18:34 of 1st period - Vladislav Namestnikov wins face-off versus Jacob Josefson in Reign zone.
18:35 of 1st period - Snap shot by Martin Frk.
18:35 of 1st period - Shot Misses the Net.
18:37 of 1st period - Slapshot by Marcus Pettersson.
18:37 of 1st period - Shot Blocked by A.J. Jenks.
18:39 of 1st period - Snap shot by Martin Frk.
18:39 of 1st period - Shot Misses the Net.
18:41 of 1st period - Slapshot by Marcus Pettersson.
18:41 of 1st period - Stopped by Jean-Francois Berube with a rebound.
18:48 of 1st period - Minor Penalty to Dmitri Orlov for Slashing.
18:49 of 1st period - Jesse Joensuu wins face-off versus Brendan Gaunce in Griffins zone.
19:05 of 1st period - Snap shot by Brendan Gaunce.
19:05 of 1st period - Shot Blocked by Filip Hronek.
19:15 of 1st period - Slapshot by Thomas Chabot.
19:15 of 1st period - Stopped by Olivier Roy with a rebound.
19:17 of 1st period - Snap shot by A.J. Jenks.
19:17 of 1st period - Shot Misses the Net.
19:19 of 1st period - Snap shot by Thomas Chabot.
19:19 of 1st period - Goal by Thomas Chabot - Reign : 1 - Griffins : 2.
19:20 of 1st period - Brendan Gaunce wins face-off versus Riley Armstrong in neutral zone.
19:47 of 1st period - Icing by Dmitri Orlov.
19:48 of 1st period - Jacob Josefson wins face-off versus Vladislav Namestnikov in Griffins zone.
19:55 of 1st period - Snap shot by Martin Frk.
19:55 of 1st period - Stopped by Jean-Francois Berube with a rebound.
Goals for this period are 1 for Reign vs 2 for Griffins.
Shots for this period are 9 for Reign vs 15 for Griffins.
2nd period
0:01 of 2nd period - Tyler Pitlick wins face-off versus Riley Armstrong in neutral zone.
0:32 of 2nd period - Wrist shot by Martin Frk.
0:32 of 2nd period - Deflect By Dylan Blujus.
0:32 of 2nd period - Stopped by Jean-Francois Berube without a rebound.
0:33 of 2nd period - Brendan Woods wins face-off versus Jacob Josefson in Reign zone.
0:34 of 2nd period - Snap shot by Sonny Milano.
0:34 of 2nd period - Stopped by Jean-Francois Berube with a rebound.
0:36 of 2nd period - Snap shot by Phil Oreskovic.
0:36 of 2nd period - Shot Blocked by Brendan Guhle.
0:41 of 2nd period - Icing by Brendan Guhle.
0:42 of 2nd period - Jacob Josefson wins face-off versus Mathew Barzal in Reign zone.
1:06 of 2nd period - Snap shot by Mathew Barzal.
1:06 of 2nd period - Deflect By Vince Hinostroza.
1:06 of 2nd period - Stopped by Jean-Francois Berube without a rebound.
1:07 of 2nd period - Riley Armstrong wins face-off versus Brendan Gaunce in Reign zone.
1:10 of 2nd period - Slapshot by Riley Armstrong.
1:10 of 2nd period - Shot Misses the Net.
2:42 of 2nd period - Slapshot by Martin Frk.
2:42 of 2nd period - Stopped by Jean-Francois Berube without a rebound.
2:43 of 2nd period - Lucas Lessio wins face-off versus Trevor Moore in Reign zone.
2:44 of 2nd period - Slapshot by Danny Kristo.
2:44 of 2nd period - Stopped by Jean-Francois Berube with a rebound.
2:46 of 2nd period - Slapshot by Phil Oreskovic.
2:46 of 2nd period - Shot Blocked by Nikita Tryamkin.
2:54 of 2nd period - Slapshot by Lucas Lessio.
2:54 of 2nd period - Stopped by Jean-Francois Berube without a rebound.
2:55 of 2nd period - Brendan Gaunce wins face-off versus Riley Armstrong in Reign zone.
3:01 of 2nd period - Wrist shot by Riley Armstrong.
3:01 of 2nd period - Shot Misses the Net.
3:21 of 2nd period - Nikita Tryamkin is hit by Dmitri Orlov and loses puck.
3:26 of 2nd period - Wrist shot by Jesse Joensuu.
3:26 of 2nd period - Shot Misses the Net.
3:28 of 2nd period - Slapshot by Phil Oreskovic.
3:28 of 2nd period - Shot Blocked by Joel Eriksson Ek.
3:50 of 2nd period - Joachim Blichfeld is hit by Brendan Woods and loses puck.
4:15 of 2nd period - Patrick Wiercioch is hit by A.J. Jenks and loses puck.
4:44 of 2nd period - Snap shot by Greg McKegg.
4:44 of 2nd period - Deflect By Troy Terry.
4:44 of 2nd period - Stopped by Jean-Francois Berube with a rebound.
4:50 of 2nd period - Slapshot by Dylan Blujus.
4:50 of 2nd period - Stopped by Olivier Roy without a rebound.
4:51 of 2nd period - Riley Armstrong wins face-off versus Trevor Moore in Griffins zone.
4:51 of 2nd period - Riley Armstrong is hit by Josh Anderson.
5:07 of 2nd period - Snap shot by Trevor Moore.
5:07 of 2nd period - Stopped by Olivier Roy with a rebound.
5:09 of 2nd period - Minor Penalty to Dmitri Orlov for Slashing.
5:10 of 2nd period - Brendan Gaunce wins face-off versus Jesse Joensuu in Griffins zone.
5:43 of 2nd period - Snap shot by Vince Hinostroza.
5:43 of 2nd period - Shot Blocked by Filip Hronek.
7:09 of 2nd period - Penalty to Dmitri Orlov is over, Dmitri Orlov is back on ice.
7:28 of 2nd period - Dmitri Orlov is hit by Josh Anderson and loses puck.
7:50 of 2nd period - Matthew Tkachuk is hit by Riley Armstrong and loses puck.
9:01 of 2nd period - Minor Penalty to Logan Stanley for Tripping.
9:02 of 2nd period - Brendan Gaunce wins face-off versus Riley Armstrong in Reign zone.
9:18 of 2nd period - Wrist shot by Danny Kristo.
9:18 of 2nd period - Stopped by Jean-Francois Berube with a rebound.
10:11 of 2nd period - Snap shot by Jacob Josefson.
10:11 of 2nd period - Shot Misses the Net.
11:01 of 2nd period - Penalty to Logan Stanley is over, Logan Stanley is back on ice.
11:22 of 2nd period - Snap shot by Joachim Blichfeld.
11:22 of 2nd period - Shot Misses the Net.
12:04 of 2nd period - Snap shot by Martin Frk.
12:04 of 2nd period - Shot Blocked by Jakob Chychrun.
12:10 of 2nd period - Filip Hronek is hit by Josh Anderson and loses puck.
12:29 of 2nd period - Patrick Wiercioch is hit by A.J. Jenks and loses puck.
13:11 of 2nd period - Riley Armstrong is hit by Dylan Blujus and loses puck.
13:18 of 2nd period - Joachim Blichfeld is hit by Riley Armstrong and loses puck.
14:02 of 2nd period - Off-side.
14:03 of 2nd period - Joel Eriksson Ek wins face-off versus Vladislav Namestnikov in neutral zone.
14:08 of 2nd period - Filip Hronek is hit by Joel Eriksson Ek and loses puck.
14:15 of 2nd period - Wrist shot by Christian Dvorak.
14:15 of 2nd period - Stopped by Olivier Roy with a rebound.
14:37 of 2nd period - Slapshot by Danny Kristo.
14:37 of 2nd period - Stopped by Jean-Francois Berube without a rebound.
14:38 of 2nd period - Riley Armstrong wins face-off versus Jacob Josefson in Reign zone.
14:54 of 2nd period - Minor Penalty to A.J. Jenks for Interference.
14:55 of 2nd period - Brendan Gaunce wins face-off versus Riley Armstrong in Reign zone.
14:59 of 2nd period - Minor Penalty to Danny Kristo for Hooking.
15:00 of 2nd period - Brendan Gaunce wins face-off versus Riley Armstrong in Griffins zone.
15:31 of 2nd period - Jordan Schmaltz is hit by Riley Armstrong and loses puck.
15:54 of 2nd period - Snap shot by Lucas Lessio.
15:54 of 2nd period - Shot Misses the Net.
15:56 of 2nd period - Slapshot by Phil Oreskovic.
15:56 of 2nd period - Shot Blocked by Dylan Blujus.
16:12 of 2nd period - Dmitri Orlov is hit by Christian Dvorak and loses puck.
16:54 of 2nd period - Penalty to A.J. Jenks is over, A.J. Jenks is back on ice.
16:59 of 2nd period - Penalty to Danny Kristo is over, Danny Kristo is back on ice.
17:34 of 2nd period - Christian Dvorak is hit by Mathew Barzal and loses puck.
18:34 of 2nd period - Wrist shot by Brendan Gaunce.
18:34 of 2nd period - Goal by Brendan Gaunce - Reign : 2 - Griffins : 2.
18:35 of 2nd period - Riley Armstrong wins face-off versus Brendan Gaunce in neutral zone.
18:50 of 2nd period - Snap shot by Brendan Gaunce.
18:50 of 2nd period - Shot Hit the Post.
19:09 of 2nd period - Off-side.
19:10 of 2nd period - Brendan Gaunce wins face-off versus Riley Armstrong in neutral zone.
19:15 of 2nd period - Slapshot by Jordan Schmaltz.
19:15 of 2nd period - Shot Misses the Net.
19:17 of 2nd period - Slapshot by Jordan Schmaltz.
19:17 of 2nd period - Shot Misses the Net.
19:19 of 2nd period - Slapshot by Jordan Schmaltz.
19:19 of 2nd period - Shot Blocked by Phil Oreskovic.
19:37 of 2nd period - Nikita Tryamkin is hit by Martin Frk and loses puck.
Goals for this period are 1 for Reign vs 0 for Griffins.
Shots for this period are 4 for Reign vs 9 for Griffins.
3rd period
0:01 of 3rd period - Riley Armstrong wins face-off versus Brendan Gaunce in neutral zone.
0:10 of 3rd period - Wrist shot by Danny Kristo.
0:10 of 3rd period - Shot Blocked by Dylan Blujus.
0:12 of 3rd period - Slapshot by Marcus Pettersson.
0:12 of 3rd period - Deflect By Riley Armstrong.
0:12 of 3rd period - Shot Misses the Net.
0:12 of 3rd period - Puck is out of play.
0:13 of 3rd period - Riley Armstrong wins face-off versus Brendan Gaunce in Reign zone.
0:43 of 3rd period - Snap shot by Jacob Josefson.
0:43 of 3rd period - Stopped by Olivier Roy without a rebound.
0:44 of 3rd period - Brendan Gaunce wins face-off versus Vladislav Namestnikov in Griffins zone.
0:49 of 3rd period - Slapshot by Brendan Gaunce.
0:49 of 3rd period - Shot Misses the Net.
1:19 of 3rd period - Wrist shot by Jacob Josefson.
1:19 of 3rd period - Shot Misses the Net.
1:31 of 3rd period - Wrist shot by Matthew Tkachuk.
1:31 of 3rd period - Goal by Matthew Tkachuk - Reign : 3 - Griffins : 2.
1:32 of 3rd period - Brendan Gaunce wins face-off versus Riley Armstrong in neutral zone.
1:46 of 3rd period - Tyler Pitlick is hit by Riley Armstrong and loses puck.
2:19 of 3rd period - Matthew Tkachuk is hit by Mathew Barzal and loses puck.
2:28 of 3rd period - Snap shot by Mathew Barzal.
2:28 of 3rd period - Stopped by Jean-Francois Berube with a rebound.
3:02 of 3rd period - Snap shot by Tyler Pitlick.
3:02 of 3rd period - Stopped by Olivier Roy without a rebound.
3:03 of 3rd period - Riley Armstrong wins face-off versus Brendan Gaunce in Griffins zone.
3:03 of 3rd period - Riley Armstrong is hit by Brendan Gaunce.
3:09 of 3rd period - Tyler Pitlick is hit by Danny Kristo and loses puck.
3:18 of 3rd period - Timo Meier is hit by Lucas Lessio and loses puck.
3:25 of 3rd period - Timo Meier is hit by Marcus Pettersson and loses puck.
3:38 of 3rd period - Wrist shot by Brendan Gaunce.
3:38 of 3rd period - Stopped by Olivier Roy with a rebound.
3:40 of 3rd period - Slapshot by Jordan Schmaltz.
3:40 of 3rd period - Shot Misses the Net.
3:42 of 3rd period - Snap shot by Tyler Pitlick.
3:42 of 3rd period - Shot Misses the Net.
3:44 of 3rd period - Wrist shot by Timo Meier.
3:44 of 3rd period - Goal by Timo Meier - Reign : 4 - Griffins : 2.
3:44 of 3rd period - Marcus Hogberg enters game.
3:45 of 3rd period - Jacob Josefson wins face-off versus Vladislav Namestnikov in neutral zone.
3:50 of 3rd period - Wrist shot by Vince Hinostroza.
3:50 of 3rd period - Shot Blocked by Marcus Pettersson.
4:33 of 3rd period - Wrist shot by Tyler Pitlick.
4:33 of 3rd period - Shot Misses the Net.
4:57 of 3rd period - Slapshot by Joachim Blichfeld.
4:57 of 3rd period - Shot Blocked by Greg McKegg.
4:59 of 3rd period - Slapshot by Brendan Guhle.
4:59 of 3rd period - Deflect By Patrick Wiercioch.
4:59 of 3rd period - Stopped by Marcus Hogberg with a rebound.
5:05 of 3rd period - Minor Penalty to Greg McKegg for Tripping.
5:06 of 3rd period - Brendan Gaunce wins face-off versus Jesse Joensuu in Griffins zone.
5:07 of 3rd period - Wrist shot by Timo Meier.
5:07 of 3rd period - Goal by Timo Meier - Reign : 5 - Griffins : 2.
5:08 of 3rd period - Brendan Gaunce wins face-off versus Riley Armstrong in neutral zone.
5:15 of 3rd period - Wrist shot by Timo Meier.
5:15 of 3rd period - Stopped by Marcus Hogberg with a rebound.
5:35 of 3rd period - Slapshot by Vladislav Namestnikov.
5:35 of 3rd period - Shot Misses the Net.
6:03 of 3rd period - Snap shot by Christian Dvorak.
6:03 of 3rd period - Deflect By Matthew Tkachuk.
6:03 of 3rd period - Shot Blocked by Brendan Woods.
6:03 of 3rd period - Puck is out of play.
6:04 of 3rd period - Riley Armstrong wins face-off versus Brendan Gaunce in Griffins zone.
6:30 of 3rd period - Jesse Joensuu is hit by Jacob Josefson and loses puck.
7:11 of 3rd period - Wrist shot by Danny Kristo.
7:11 of 3rd period - Shot Blocked by Brendan Guhle.
7:13 of 3rd period - Snap shot by Danny Kristo.
7:13 of 3rd period - Goal by Danny Kristo - Reign : 5 - Griffins : 3.
7:14 of 3rd period - Riley Armstrong wins face-off versus Brendan Gaunce in neutral zone.
7:23 of 3rd period - Wrist shot by Lucas Lessio.
7:23 of 3rd period - Stopped by Jean-Francois Berube without a rebound.
7:24 of 3rd period - Brendan Gaunce wins face-off versus Riley Armstrong in Reign zone.
7:31 of 3rd period - Slapshot by Timo Meier.
7:31 of 3rd period - Deflect By Brendan Gaunce.
7:31 of 3rd period - Stopped by Marcus Hogberg without a rebound.
7:32 of 3rd period - Riley Armstrong wins face-off versus Brendan Gaunce in Griffins zone.
8:34 of 3rd period - Icing by Phil Oreskovic.
8:35 of 3rd period - Brendan Gaunce wins face-off versus Mathew Barzal in Griffins zone.
8:40 of 3rd period - Snap shot by Brendan Gaunce.
8:40 of 3rd period - Stopped by Marcus Hogberg with a rebound.
8:42 of 3rd period - Slapshot by Nikita Tryamkin.
8:42 of 3rd period - Shot Misses the Net.
8:44 of 3rd period - Wrist shot by Brendan Gaunce.
8:44 of 3rd period - Shot Misses the Net.
9:07 of 3rd period - Snap shot by Vince Hinostroza.
9:07 of 3rd period - Shot Blocked by Ian McCoshen.
9:31 of 3rd period - Wrist shot by Joachim Blichfeld.
9:31 of 3rd period - Stopped by Marcus Hogberg without a rebound.
9:32 of 3rd period - Brendan Gaunce wins face-off versus Lucas Lessio in Griffins zone.
9:54 of 3rd period - Icing by Danny Kristo.
9:55 of 3rd period - Vladislav Namestnikov wins face-off versus Jacob Josefson in Griffins zone.
9:55 of 3rd period - Vladislav Namestnikov is hit by Jordan Schmaltz.
10:39 of 3rd period - Minor Penalty to Riley Armstrong for Tripping.
10:40 of 3rd period - Jesse Joensuu wins face-off versus Brendan Gaunce in Griffins zone.
10:40 of 3rd period - Jesse Joensuu is hit by Nikita Tryamkin.
10:41 of 3rd period - Jesse Joensuu from Griffins is injured at 10:41 of 3rd period (Right Knee).
10:42 of 3rd period - Brendan Gaunce wins face-off versus Vladislav Namestnikov in Griffins zone.
10:47 of 3rd period - Wrist shot by Brendan Gaunce.
10:47 of 3rd period - Shot Misses the Net.
10:49 of 3rd period - Slapshot by Jordan Schmaltz.
10:49 of 3rd period - Goal by Jordan Schmaltz - Reign : 6 - Griffins : 3.
10:50 of 3rd period - Danny Kristo wins face-off versus Brendan Gaunce in neutral zone.
11:28 of 3rd period - Vladislav Namestnikov is hit by Matthew Tkachuk and loses puck.
11:36 of 3rd period - Icing by Phil Oreskovic.
11:37 of 3rd period - Vladislav Namestnikov wins face-off versus Jacob Josefson in Griffins zone.
12:34 of 3rd period - Snap shot by Mathew Barzal.
12:34 of 3rd period - Stopped by Jean-Francois Berube without a rebound.
12:35 of 3rd period - Danny Kristo wins face-off versus Brendan Gaunce in Reign zone.
12:41 of 3rd period - Snap shot by Danny Kristo.
12:41 of 3rd period - Stopped by Jean-Francois Berube without a rebound.
12:42 of 3rd period - Brendan Gaunce wins face-off versus Riley Armstrong in Reign zone.
12:47 of 3rd period - Ian McCoshen is hit by Dylan Blujus and loses puck.
13:14 of 3rd period - Slapshot by Joachim Blichfeld.
13:14 of 3rd period - Stopped by Marcus Hogberg with a rebound.
13:16 of 3rd period - Snap shot by Joachim Blichfeld.
13:16 of 3rd period - Stopped by Marcus Hogberg without a rebound.
13:17 of 3rd period - Joel Eriksson Ek wins face-off versus Riley Armstrong in Griffins zone.
13:20 of 3rd period - Wrist shot by Matthew Tkachuk.
13:20 of 3rd period - Stopped by Marcus Hogberg with a rebound.
13:25 of 3rd period - Dmitri Orlov is hit by Christian Dvorak and loses puck.
13:28 of 3rd period - Slapshot by Marcus Pettersson.
13:28 of 3rd period - Deflect By Brendan Guhle.
13:28 of 3rd period - Stopped by Jean-Francois Berube with a rebound.
13:57 of 3rd period - Minor Penalty to Tyler Pitlick for Holding.
13:58 of 3rd period - Riley Armstrong wins face-off versus Brendan Gaunce in Reign zone.
15:35 of 3rd period - Icing by Dmitri Orlov.
15:36 of 3rd period - Mathew Barzal wins face-off versus Brendan Gaunce in Griffins zone.
15:57 of 3rd period - Penalty to Tyler Pitlick is over, Tyler Pitlick is back on ice.
16:03 of 3rd period - Nikita Tryamkin is hit by Vladislav Namestnikov and loses puck.
16:20 of 3rd period - Christian Dvorak is hit by Troy Terry and loses puck.
16:42 of 3rd period - Icing by A.J. Jenks.
16:43 of 3rd period - Mathew Barzal wins face-off versus Trevor Moore in Reign zone.
17:06 of 3rd period - Icing by Patrick Wiercioch.
17:07 of 3rd period - Brendan Gaunce wins face-off versus Riley Armstrong in Griffins zone.
17:12 of 3rd period - Snap shot by Brendan Gaunce.
17:12 of 3rd period - Shot Misses the Net.
18:34 of 3rd period - Filip Hronek is hit by Timo Meier and loses puck.
18:59 of 3rd period - Snap shot by A.J. Jenks.
18:59 of 3rd period - Shot Blocked by Ian McCoshen.
19:15 of 3rd period - Wrist shot by Mathew Barzal.
19:15 of 3rd period - Shot Misses the Net.
19:17 of 3rd period - Snap shot by Sonny Milano.
19:17 of 3rd period - Shot Misses the Net.
19:56 of 3rd period - Icing by Brendan Gaunce.
19:57 of 3rd period - Greg McKegg wins face-off versus Jacob Josefson in Reign zone.
Goals for this period are 4 for Reign vs 1 for Griffins.
Shots for this period are 15 for Reign vs 6 for Griffins.